 Dungeon Crawl Stone Soup version 0.23.2-1-ga50397a (webtiles) character file.

Game seed: 13018013925885794219

3399 troglodite the Slasher (level 9, -6/106 HPs)
             Began as a Demonspawn Berserker on May 22, 2019.
             Was an Elder of Trog.
             Killed from afar by an orc wizard (8 damage)
             ... with a puff of flame
             ... on level 8 of the Dungeon.
             The game lasted 00:27:42 (9913 turns).

troglodite the Slasher (Demonspawn Berserker)       Turns: 9913, Time: 00:27:43

Health: -6/106     AC: 24    Str: 19    XL:     9   Next: 75%
Magic:  9/9        EV:  2    Int:  8    God:    Trog [****..]
Gold:   299        SH:  5    Dex: 19    Spells: 8/8 levels left

rFire    . . .     SeeInvis .   a - +0 falchion
rCold    . . .     Gourm    .   I - +0 buckler
rNeg     + + +     Faith    +   (armour currently unavailable)
rPois    +         Spirit   .   (helmet currently unavailable)
rElec    .         Reflect  .   (cloak currently unavailable)
rCorr    .         Harm     .   (gloves currently unavailable)
MR       ++...     NoTele   +   (boots currently unavailable)
Stlth    +++++.....             H - amulet of faith (curse)
HPRegen  1.27/turn              B - +4 ring of evasion
MPRegen  0.11/turn              e - ring of stealth

@: lethally poisoned (-6 -> -11), tree-form, berserk cooldown, regenerating,
slowed, very slow
A: thin skeletal structure 2
a: Berserk, Trog's Hand, Brothers in Arms, Renounce Religion


You were on level 8 of the Dungeon.
You worshipped Trog.
Trog was greatly pleased with you.
You were very hungry.
You were a tree.
You visited 1 branch of the dungeon, and saw 8 of its levels.

You collected 299 gold pieces.

Inventory:

Hand Weapons
 a - a +0 falchion (weapon)
Armour
 k - a +0 chain mail (melded)
 l - a +0 cloak (melded)
 n - a cursed +0 helmet (melded)
 A - a +1 pair of boots (melded)
 I - a +0 buckler (worn)
Jewellery
 e - a ring of stealth (right branch)
 p - an uncursed ring of see invisible
 v - an uncursed ring of flight
 B - a +4 ring of evasion (left branch)
 C - a +3 ring of evasion
 H - a cursed amulet of faith (around neck)
 L - an uncursed ring of protection from magic
Wands
 w - a wand of flame (23)
 y - a wand of random effects (24)
 z - a wand of iceblast (12)
 M - a wand of polymorph (3)
Scrolls
 d - 2 scrolls of teleportation {unknown}
 g - 3 scrolls of enchant armour {unknown}
 j - a scroll of fear {unknown}
 o - 3 scrolls of blinking {unknown}
 q - 3 scrolls of enchant weapon {unknown}
 r - 2 scrolls of amnesia {unknown}
 s - 4 scrolls of immolation {unknown}
 t - 4 scrolls of fog {unknown}
 u - a scroll of noise {unknown}
 x - 5 scrolls of remove curse {unknown}
 F - a scroll of magic mapping {unknown}
Potions
 b - 4 potions of ambrosia
 h - 2 potions of lignification
 i - 4 potions of brilliance
 m - a potion of might
 E - a potion of agility
 K - a potion of invisibility {unknown}
Comestibles
 c - 4 rations
 D - 2 chunks of flesh


   Skills:
 * Level 6.7 Fighting
 + Level 7.0 Long Blades
 * Level 6.8 Armour
 * Level 4.7 Dodging
 * Level 4.8 Stealth
 * Level 1.9 Shields


You had 8 spell levels left.
You didn't know any spells.
Your spell library was empty.

Dungeon Overview and Level Annotations

Branches:
Dungeon (8/15)             Temple (0/1) D:4            Lair (0/6) D:8

Altars:
Cheibriados
Dithmenos
Elyvilon
Fedhas
Gozag
Kikubaaqudgha
Nemelex Xobeh
Qazlal
Sif Muna
Zin
The Shining One

Shops:
D:7 =


Innate Abilities, Weirdness & Mutations

You have a moderately thin skeletal structure. (Dex +4, Stealth+)
((Your flesh is heat resistant. (rF+)))


Message History

Something hits you but does no damage.
You are more poisoned.
Your skin crawls.
You feel resistant to hostile enchantments.
You feel somewhat more hungry.
* * * LOW HITPOINT WARNING * * *
You feel very sick. You block something's attack.
You turn into a tree.
Your +0 cloak melds into your body.
Your cursed +0 helmet melds into your body.
Your +1 pair of boots melds into your body.
Your +0 chain mail melds into your body.
Your roots penetrate the ground.
* * * LOW HITPOINT WARNING * * *
You feel very sick. Something hits you but does no damage.
You hear some strange, mumbled words.
A puff of flame appears from out of thin air!
The puff of flame hits you!
You die...

..)...# ..#.. ......# ..
......######## ...
.............# ....
.............#######....
........................
........................
.............?.[))......
...........).).{♣h......
..##+########....)......
..#...#.....#...........
..#...#.....##'##....###
..#..##.........#....#
..#..##.....##..+....#
..'..##.....#####....#
..#.........# #####
÷.#..........#


You could see a friendly polar bear (berserk).

Vanquished Creatures
  Grinder (D:4)
  A wyvern (D:6)
  A hungry ghost (D:7)
  A warg (D:8)
  Edmund (D:4)
  A water moccasin (D:5)
  2 orc warriors
  A sky beast (D:6)
  An ice beast (D:6)
  2 phantoms
  An ogre (D:6)
  2 centaurs
  2 bullfrogs (D:6)
  2 scorpions
  A water moccasin skeleton (D:7)
  A killer bee (D:8)
  A howler monkey (D:6)
  3 jellies
  2 centaur zombies
  A quasit (D:8)
  5 orc priests
  A hound (D:8)
  A bullfrog zombie (D:6)
  Crazy Yiuf (D:2)
  A bullfrog skeleton (D:7)
  2 centaur skeletons
  An iguana (D:5)
  6 orc wizards
  8 worker ants
  2 hound skeletons
  Robin (D:2)
  A howler monkey zombie (D:6)
  4 gnolls (D:5)
  7 adders
  2 oozes
  2 adder skeletons (D:6)
  4 worms
  A leopard gecko (D:1)
  27 orcs
  11 bats
  6 giant cockroaches
  11 goblins
  8 hobgoblins
  3 jackals (D:2)
  3 quokkas
  A ball python (D:1)
  5 frilled lizards
  2 kobolds
  2 leopard gecko skeletons (D:7)
  4 rats
161 creatures vanquished.

Vanquished Creatures (collateral kills)
  2 wargs (D:7)
  2 killer bees (D:8)
  An orc priest (D:8)
  A giant cockroach (D:8)
6 creatures vanquished.

Grand Total: 167 creatures vanquished

Notes
Turn   | Place    | Note
-------+----------+-------------------------------------------
     0 | D:1      | troglodite the Demonspawn Berserker began the quest for the
                  | Orb.
     0 | D:1      | Reached XP level 1. HP: 18/18 MP: 1/1
   755 | D:2      | Gained mutation: You have a somewhat thin skeletal
                  | structure. (Dex +2, Stealth) [demonic ancestry]
   755 | D:2      | Reached XP level 2. HP: 24/24 MP: 2/2
  1043 | D:2      | Found a runed translucent door.
  1044 | D:2      | Noticed Crazy Yiuf
  1051 | D:2      | Killed Crazy Yiuf
  1051 | D:2      | Reached skill level 3 in Long Blades
  1051 | D:2      | Gained mutation: You have a moderately thin skeletal
                  | structure. (Dex +4, Stealth+) [demonic ancestry]
  1051 | D:2      | Reached XP level 3. HP: 9/30 MP: 3/3
  1067 | D:2      | HP: 2/45 [poisoned by Crazy Yiuf]
  1072 | D:2      | HP: 1/45 [poisoned by Crazy Yiuf]
  1494 | D:2      | Noticed Robin
  1498 | D:2      | Reached ** piety under Trog
  1504 | D:2      | Killed Robin
  1504 | D:2      | Gained mutation: Your flesh is heat resistant. (rF+)
                  | [demonic ancestry]
  1504 | D:2      | Reached XP level 4. HP: 34/37 MP: 4/4
  1832 | D:2      | Found an ancient bone altar of Kikubaaqudgha.
  1908 | D:2      | Found a sparkling altar of Nemelex Xobeh.
  2622 | D:3      | Reached skill level 1 in Stealth
  2757 | D:3      | Reached XP level 5. HP: 33/42 MP: 5/5
  2788 | D:3      | Reached *** piety under Trog
  2906 | D:3      | Found a blossoming altar of Fedhas.
  3334 | D:3      | Found an opulent altar of Gozag.
  3335 | D:3      | Found a glowing silver altar of Zin.
  3535 | D:4      | Found a staircase to the Ecumenical Temple.
  3546 | D:4      | Noticed a phantom
  3622 | D:4      | Killed a phantom
  3622 | D:4      | Reached XP level 6. HP: 16/49 MP: 6/6
  3950 | D:4      | Reached skill level 4 in Long Blades
  4197 | D:4      | Noticed Grinder
  4212 | D:4      | Killed Grinder
  4212 | D:4      | Reached XP level 7. HP: 29/55 MP: 7/7
  4697 | D:4      | Noticed Edmund
  4706 | D:4      | Killed Edmund
  4706 | D:4      | Reached skill level 5 in Fighting
  5199 | D:4      | Found a stormy altar of Qazlal.
  5199 | D:4      | Found a glowing golden altar of the Shining One.
  5200 | D:4      | Found a white marble altar of Elyvilon.
  5384 | D:5      | Entered Level 5 of the Dungeon
  6312 | D:5      | Reached XP level 8. HP: 61/63 MP: 8/8
  6328 | D:5      | Reached skill level 5 in Long Blades
  6857 | D:6      | Reached skill level 5 in Armour
  7016 | D:6      | Reached **** piety under Trog
  7404 | D:6      | Reached skill level 6 in Long Blades
  7738 | D:6      | Reached XP level 9. HP: 61/69 MP: 9/9
  7947 | D:6      | Found a shadowy altar of Dithmenos.
  7950 | D:6      | Found a deep blue altar of Sif Muna.
  7953 | D:6      | Found a snail-covered altar of Cheibriados.
  8833 | D:7      | Reached skill level 1 in Shields
  8867 | D:7      | Found Duwut's Jewellery Boutique.
  9321 | D:8      | Noticed a two-headed ogre
  9789 | D:8      | Found a staircase to the Lair.
  9888 | D:8      | Reached skill level 7 in Long Blades
  9912 | D:8      | HP: 3/71 [poisoned by an orc wizard]
  9913 | D:8      | Killed from afar by an orc wizard

Skill      XL: |  1  2  3  4  5  6  7  8  9 |
---------------+----------------------------+-----
Long Blades    | 3 4 6 7 |  7.0
Armour         | 2 3 4 5 6 |  6.8
Dodging        | 2 3 4 |  4.7
Fighting       | 4 5 6 |  6.7
Stealth        | 1 2 3 4 |  4.8
Shields        | 1 |  1.9

Action                   |  1- 3 |  4- 6 |  7- 9 || total
-------------------------+-------+-------+-------++-------
Melee: Falchion          |    61 |   219 |   566 ||   846
Invok: Berserk           |     3 |     3 |    14 ||    20
       Trog's Hand       |       |     1 |     3 ||     4
       Brothers in Arms  |       |       |     3 ||     3
  Use: Potion            |     1 |       |     8 ||     9
       Scroll            |       |       |     7 ||     7
 Stab: Sleeping          |       |       |     3 ||     3
  Eat: Chunk             |     3 |     8 |    18 ||    29
       Ration            |       |     1 |     7 ||     8
Armor: Animal skin       |     2 |       |       ||     2
       Chain mail        |    36 |   140 |   300 ||   476
       Skin              |       |       |     1 ||     1
Dodge: Dodged            |    30 |   107 |   464 ||   601
Block: Buckler           |       |       |    56 ||    56
       Rpst.: Falchion   |     8 |    35 |   138 ||   181
